 Dungeon Crawl Stone Soup version 0.28.0-53-g5a82cb258f (webtiles) character file.

Game seed: 15893966467265610689

141 wingedge the Poker (level 5, 0/42 HPs)
             Began as a Merfolk Berserker on May 24, 2022.
             Was a Believer of Trog.
             Slain by an orc
             ... wielding a +0 club
              (2 damage)
             ... on level 3 of the Dungeon.
             The game lasted 00:06:05 (2304 turns).

wingedge the Poker (Merfolk Berserker)              Turns: 2304, Time: 00:06:05

Health: 0/42       AC:  2    Str: 19    XL:     5   Next: 24%
Magic:  5/5        EV: 13    Int:  6    God:    Trog [**....]
Gold:   164        SH:  0    Dex: 14    Spells: 4/4 levels left

rFire   . . .      SeeInvis .   a - +0 spear
rCold   . . .      Faith    .   (no shield)
rNeg    . . .      Spirit   .   b - +0 animal skin
rPois   .          Reflect  .   (no helmet)
rElec   .          Harm     .   (no cloak)
rCorr   .          Rampage  .   (no gloves)
Will    .....                   (no boots)
Stlth   ++........              (no amulet)
HPRegen 0.14/turn               (no ring)
MPRegen 0.09/turn               (no ring)

@: on berserk cooldown, slowed, very slow
A: (nimble swimmer 2), mertail
a: Renounce Religion, Berserk, Trog's Hand


You were on level 3 of the Dungeon.
You worshipped Trog.
Trog was pleased with you.
You visited 1 branch of the dungeon, and saw 3 of its levels.

You collected 164 gold pieces.

Inventory:

Hand Weapons
 a - a +0 spear (weapon)
Missiles
 c - 74 arrows
 h - 11 sling bullets
Armour
 b - a +0 animal skin (worn)
 l - a +0 chain mail
Scrolls
 d - 2 scrolls of enchant armour {unknown}
 e - 5 scrolls of identify {unknown}
 j - a scroll of teleportation {unknown}
 n - a scroll of magic mapping {unknown}
Potions
 f - a potion of curing {unknown}
 i - 2 potions of magic
 k - a potion of invisibility {unknown}
 m - a potion of brilliance {unknown}


   Skills:
 + Level 3.9 Fighting
 * Level 6.0 Polearms
 + Level 2.0 Armour
 + Level 3.7 Dodging
 + Level 2.0 Stealth


You had 4 spell levels left.
You didn't know any spells.
Your spell library was empty.

Dungeon Overview and Level Annotations

Branches:
Dungeon (3/15)

Altars:


Innate Abilities, Weirdness & Mutations

((You are very nimble when in or above water. (Stealth+, EV+, Speed+++)))
Your lower body shifts to a powerful aquatic tail in water.


Message History

You closely miss the orc.
The orc is lightly wounded.
The orc closely misses you. The rat closely misses you.
The kobold closely misses you. The orc hits you with a +0 club.
The rat bites you. The orc hits you with a +0 war axe!
* * * LOW HITPOINT WARNING * * *
You hit the orc.
The orc is severely wounded.
The kobold barely misses you. The orc closely misses you. x2
The rat barely misses you. The kobold hits you with a +0 club.
* * * LOW HITPOINT WARNING * * *
You hit the orc.
You kill the orc!
Trog accepts your kill. The orc hits you with a +0 club.
* * * LOW HITPOINT WARNING * * *
The rat bites you.
* * * LOW HITPOINT WARNING * * *
The kobold hits you but does no damage.
You hit the orc.
The orc is lightly wounded.
The orc hits you with a +0 club.
* * * LOW HITPOINT WARNING * * *
The rat misses you. The kobold closely misses you.
You hit the orc.
The orc is moderately wounded.
The orc hits you with a +0 club.
* * * LOW HITPOINT WARNING * * *
The rat barely misses you. The kobold closely misses you. The orc misses you.
Okay, then.
You barely miss the orc.
The orc is moderately wounded.
The rat barely misses you. The kobold misses you.
The orc hits you with a +0 club.
* * * LOW HITPOINT WARNING * * *
The rat barely misses you.
You hit the orc.
The orc is severely wounded.
The kobold barely misses you. The orc hits you with a +0 club.
You die...

#.# #.# ### .. #.# #
#.... # #.# #.#.#.# # ##
#.# .#.#.#.# .## ###.####
......## ..## ##.#....#
#†.....#.
...####.......###o)......
...+...........K@).......
...####...##.####r.......
..######.###.# #####..##
.##........#.# ##
###.######.#.# # #.#.##
#####....# #......#.# ##
#.###....#


You could see an orc, a kobold and a rat.

Vanquished Creatures
  An orc priest (D:3)
  An orc wizard (D:3)
  2 adders
  3 dart slugs (D:2)
  2 orcs (D:3)
  3 endoplasms
  3 giant cockroaches
  4 goblins
  6 hobgoblins
  4 jackals
  2 quokkas
  5 ball pythons (D:1)
  4 bats
  5 frilled lizards
  6 kobolds
  9 rats
60 creatures vanquished.

Notes
Turn   | Place    | Note
-------+----------+-------------------------------------------
     0 | D:1      | wingedge the Merfolk Berserker began the quest for the Orb.
     0 | D:1      | Reached XP level 1. HP: 18/18 MP: 1/1
   170 | D:1      | Reached XP level 2. HP: 23/24 MP: 2/2
   607 | D:1      | Reached skill level 1 in Stealth
   607 | D:1      | Reached XP level 3. HP: 28/29 MP: 3/3
   607 | D:1      | Reached ** piety under Trog
   608 | D:1      | Reached skill level 5 in Polearms
  1949 | D:2      | Reached XP level 4. HP: 32/37 MP: 4/4
  2290 | D:3      | Reached skill level 6 in Polearms
  2290 | D:3      | Reached XP level 5. HP: 23/42 MP: 5/5
  2303 | D:3      | HP: 2/42 [orc/+0 club (1)]
  2304 | D:3      | Slain by an orc

Illustrated notes

Levels and vault maps discovered:
D:1:      sevenhm_arrival_forest_fort_large_1, layout_loops_ring,
          grunt_decor_resistance, nicolae_figureground_pulse
D:2:      minmay_alternating_diamond, layout_basic,
          chequers_serial_rivers_micro_d, minivault_14, eino_curves_03
D:3:      layout_loops_corners, shapermc_ecumenical_altar_mp_ritualfount,
          portal_sewer_entry_b, serial_shops, nicolae_shop_stone,
          wander_ebering_terrifying_dragon_lair

Skill      XL: |  1  2  3  4 |
---------------+-------------+-----
Dodging        | 3 |  3.7
Stealth        | 1 2 |  2.0
Polearms       | 5 6 |  6.0
Armour         | 2 |  2.0
Fighting       | |  3.9

Action                   |  1- 3 |  4- 6 || total
-------------------------+-------+-------++-------
Melee: Spear             |   135 |    50 ||   185
       Punch             |     1 |     1 ||     2
Invok: Berserk           |     1 |     1 ||     2
       Trog's Hand       |       |     1 ||     1
  Use: Potion            |       |     2 ||     2
 Stab: Sleeping          |     8 |       ||     8
Armor: Animal skin       |    15 |    10 ||    25
Dodge: Dodged            |    71 |    74 ||   145
